Map: Lost and Found LE

Players

Neeb

  • Race: Protoss Protoss
  • Spawn Location: 7:00

Nerchio - Winner!

  • Race: Zerg Zerg
  • Spawn Location: 1:00

Event: WCS Austin 2018

VOD

Have the link to the VOD?

Description

Time

  • Played on: June 1, 2018, 10:27 p.m.
  • Length: 16:37

All games in this series

Show
View Real Time Build Order
Export as new Build Order

Neeb Protoss 

Build Orders: 1 Gate Expand, Oracle Opening, Phoenix Opening, Archon Immortal, Carriers, Zealot Archon 

Get SALT Encoding   

  12  0:00  Probe  
  13  0:12  Probe  
  14  0:17  Pylon  
  14  0:24  Probe  
  15  0:32  Probe  
  15  0:39  Gateway  
  15  0:40  Probe  
  16  0:47  Assimilator  
  17  0:51  Probe  
  18  1:03  Probe  
  19  1:15  Probe  
  20  1:24  Nexus  
  20  1:34  Cybernetics Core  
  20  1:35  Probe  
  21  1:41  Assimilator  
  21  1:48  Probe  
  21  1:49  Pylon  
  22  2:00  Probe  
  23  2:01  Adept  
  23  2:12  Probe  
  26  2:17  Stargate  
  26  2:19  Adept  
  26  2:24  Probe  
  29  2:32  Probe, Warp Gate  
  29  2:36  Probe  
  31  2:40  Probe  
  32  2:44  Adept  
  32  2:48  Probe  
  32  2:50  Probe  
  35  2:55  Oracle  
  36  3:00  Probe  
  36  3:02  Probe  
  41  3:12  Probe  
  40  3:15  Probe  
  40  3:16  Adept  
  43  3:24  Probe  
  43  3:27  Probe  
  45  3:28  Assimilator  
  45  3:29  Gateway  
  45  3:32  Pylon  
  45  3:39  Probe  
  46  3:50  Phoenix, Probe  
  46  3:51  Probe  
  46  3:54  Pylon  
  48  3:57  Pylon  
  48  4:02  Twilight Council  
  46  4:03  Probe  
  46  4:04  Probe  
  46  4:05  Gateway  
  46  4:09  Pylon  
  48  4:15  Probe  
  48  4:16  Probe  
  50  4:27  Probe  
  50  4:28  Probe  
  50  4:35  Adept  
  50  4:37  Adept  
  49  4:38  Resonating Glaives  
  49  4:39  Probe  
  49  4:44  Probe  
  50  4:47  Oracle  
  50  4:51  Probe  
  51  4:56  Probe  
  51  4:59  Adept x2  
  55  5:03  Probe  
  56  5:08  Probe  
  56  5:11  Adept  
  58  5:15  Probe  
  58  5:19  Adept  
  58  5:20  Probe  
  62  5:22  Pylon  
  62  5:23  Pylon  
  62  5:31  Probe  
  62  5:40  Adept x3, Probe  
  69  5:43  Probe  
  69  5:49  Nexus  
  70  5:52  Pylon  
  70  5:56  Assimilator  
  70  6:02  Adept x3  
  76  6:04  Probe  
  78  6:11  Pylon  
  78  6:14  Robotics Facility  
  74  6:20  Probe  
  74  6:21  Probe  
  71  6:30  Adept x2  
  71  6:31  Adept  
  71  6:32  Probe  
  68  6:33  Probe  
  63  6:44  Probe  
  63  6:46  Templar Archives, Probe  
  65  6:51  Adept x2  
  65  6:52  Immortal  
  65  6:53  Adept  
  71  6:56  Probe  
  71  6:58  Probe  
  71  7:02  Probe  
  76  7:08  Probe  
  76  7:10  Probe  
  76  7:12  Adept x2  
  76  7:14  Adept  
  83  7:17  Probe  
  83  7:20  Probe  
  83  7:22  Probe  
  85  7:24  Warp Prism  
  85  7:29  Probe  
  84  7:30  Psionic Storm  
  84  7:33  Probe  
  84  7:34  Probe  
  82  7:40  Zealot, High Templar  
  82  7:41  High Templar  
  83  7:44  Gateway  
  83  7:45  Probe  
  83  7:46  Probe  
  83  7:48  Assimilator  
  83  7:49  Assimilator  
  83  7:50  Pylon  
  83  7:51  Immortal  
  84  7:52  Probe  
  84  7:55  Archon  
  85  8:02  Adept  
  91  8:06  Probe x2  
  91  8:11  Gateway  
  93  8:13  Gateway  
  93  8:16  Forge  
  93  8:19  High Templar x2  
  97  8:20  Immortal  
  97  8:22  Pylon  
  97  8:27  Gateway, Adept  
  97  8:29  Gateway  
  103  8:35  Pylon  
  103  8:39  Pylon  
  103  8:43  Pylon  
  103  8:45  Probe x3  
  106  8:49  High Templar x2  
  106  8:53  Immortal  
  106  8:54  High Templar  
  112  8:56  Adept  
  112  8:57  Probe  
  112  8:59  Nexus  
  115  9:04  Protoss Ground Weapons Level 1  
  115  9:09  Probe x2  
  121  9:11  Probe  
  121  9:16  Shield Battery  
  122  9:17  Shield Battery  
  122  9:21  Photon Cannon  
  122  9:22  Immortal  
  122  9:26  Probe, Photon Cannon  
  122  9:28  Shield Battery  
  123  9:37  Probe x2  
  125  9:38  Probe  
  125  9:39  High Templar x2  
  125  9:43  Assimilator  
  125  9:44  Archon  
  130  9:48  Assimilator  
  130  9:49  Probe  
  131  9:55  Observer  
  131  9:58  High Templar  
  131  9:59  High Templar  
  135  10:05  Immortal  
  136  10:08  Photon Cannon  
  136  10:10  Photon Cannon  
  136  10:11  Shield Battery, Photon Cannon  
  140  10:30  Fleet Beacon, Protoss Air Weapons Level 1  
  140  10:31  Stargate  
  140  10:32  Zealot x5  
  140  10:33  Stargate  
  150  10:36  Immortal  
  150  10:38  Shield Battery  
  150  10:39  Photon Cannon  
  152  10:54  Charge  
  152  10:57  Protoss Ground Weapons Level 2  
  152  11:03  Carrier  
  152  11:05  Carrier  
  164  11:30  Carrier  
  162  11:41  Zealot  
  164  11:47  Pylon  
  164  11:48  Pylon  
  164  11:49  Graviton Catapult  
  164  11:50  Pylon  
  164  11:52  Pylon  
  164  11:54  Pylon  
  164  11:55  Pylon  
  162  12:04  Zealot  
  162  12:05  Zealot x4  
  172  12:13  Carrier x2  
  172  12:14  Archon x2  
  147  12:16  Zealot x3  
  147  12:19  Immortal  
  147  12:32  Protoss Air Weapons Level 2  
  153  12:38  High Templar x2  
  153  12:42  Zealot x6  
  159  12:45  Void Ray  
  159  12:50  Nexus  
  159  12:52  Pylon  
  163  13:05  Immortal  
  149  13:12  High Templar  
  149  13:13  High Templar x2  
  149  13:19  Void Ray  
  146  13:24  Zealot x5  
  146  13:25  Void Ray  
  148  13:28  Nexus  
  148  13:30  Probe x2  
  148  13:32  Pylon  
  146  13:34  Archon  
  146  13:38  Carrier  
  134  13:45  Zealot x6  
  134  13:46  High Templar x2  
  142  13:52  Probe x3  
  142  13:53  Probe  
  146  13:55  Assimilator  
  146  13:59  Assimilator  
  146  14:01  Carrier  
  146  14:09  High Templar x2  
  150  14:10  Zealot x3, Sentry  
  150  14:14  Archon  
  150  14:15  Void Ray  
  162  14:21  Shield Battery x2  
  162  14:27  Zealot x2  
  162  14:31  Probe x2  
  168  14:33  Zealot x2, High Templar x2  
  176  14:39  Observer  
  176  14:41  Probe  
  179  14:45  Probe  
  179  14:48  High Templar  
  179  14:49  High Templar  
  183  14:58  Zealot x4, Void Ray  
  183  15:03  Carrier  
  177  15:08  Assimilator  
  175  15:16  Archon x2  
  175  15:20  Archon  
  157  15:21  Zealot x2  
  157  15:22  Zealot x4  
  157  15:27  Void Ray  
  154  15:40  Void Ray  
  151  15:44  Zealot, High Templar x3  
  151  15:45  Zealot, High Templar  
  151  15:49  Archon x2  
  143  16:12  High Templar  
  143  16:13  High Templar  
  143  16:15  Probe x4  
Show
View Real Time Build Order
Export as new Build Order

Nerchio Zerg - Winner!

Build Orders: Hatch First, Brood Lord Corruptor 

Get SALT Encoding   

  12  0:01  Drone  
  13  0:13  Overlord  
  13  0:17  Drone  
  14  0:31  Drone x2  
  14  0:34  Drone  
  17  0:51  Hatchery  
  17  0:55  Drone  
  17  0:58  Drone  
  18  1:09  Extractor  
  17  1:12  Spawning Pool  
  17  1:15  Drone  
  17  1:19  Drone  
  18  1:28  Drone  
  19  1:39  Overlord  
  19  1:50  Drone  
  20  1:59  Queen  
  20  2:01  Zergling x2  
  23  2:03  Queen, Zergling x2  
  26  2:09  Metabolic Boost  
  26  2:11  Drone  
  26  2:15  Drone  
  28  2:22  Drone  
  29  2:25  Drone  
  30  2:36  Hatchery  
  29  2:39  Drone  
  29  2:41  Drone  
  29  2:43  Drone  
  32  2:48  Overlord  
  32  2:55  Zergling x2  
  32  2:57  Zergling x2  
  33  3:06  Spore Crawler  
  33  3:09  Drone x5  
  33  3:12  Queen  
  39  3:14  Drone  
  39  3:19  Spore Crawler  
  39  3:25  Drone x3  
  42  3:29  Overlord  
  43  3:34  Zergling x2  
  43  3:36  Zergling x2  
  44  3:43  Overlord  
  44  3:48  Zergling x10  
  46  3:54  Drone x2  
  47  3:58  Drone  
  47  4:01  Drone  
  47  4:02  Drone  
  48  4:04  Drone  
  48  4:07  Drone  
  50  4:10  Drone  
  50  4:14  Drone  
  50  4:16  Drone  
  50  4:20  Drone  
  50  4:21  Queen  
  50  4:30  Drone  
  50  4:31  Drone x3  
  53  4:32  Drone x2  
  53  4:35  Overlord  
  53  4:36  Drone  
  57  4:40  Overlord  
  57  4:43  Drone  
  57  4:47  Overlord  
  57  4:51  Drone  
  57  4:52  Baneling Nest  
  57  4:56  Drone x3  
  58  5:00  Evolution Chamber  
  58  5:01  Lair  
  58  5:03  Drone x2  
  58  5:05  Drone  
  58  5:06  Drone  
  60  5:08  Drone  
  60  5:12  Zergling x4  
  63  5:15  Queen  
  63  5:18  Zergling x2  
  63  5:19  Zergling x6  
  69  5:21  Extractor  
  69  5:23  Drone x2, Extractor  
  69  5:28  Overlord  
  69  5:29  Zergling x2  
  69  5:30  Zergling x6  
  69  5:34  Drone x3  
  75  5:38  Queen  
  75  5:41  Spore Crawler  
  75  5:44  Overlord  
  75  5:46  Spore Crawler  
  75  5:47  Zergling x4  
  76  5:50  Zergling x2  
  76  5:51  Zergling x6  
  76  5:54  Baneling x5  
  76  5:55  Baneling  
  80  6:00  Drone x3  
  80  6:01  Zergling x4  
  85  6:08  Zergling x4  
  85  6:11  Zergling x2  
  88  6:13  Hydralisk Den  
  88  6:18  Zergling x14  
  84  6:26  Drone  
  84  6:27  Drone  
  84  6:29  Drone  
  79  6:34  Queen, Zerg Missile Weapons Level 1  
  79  6:38  Drone x2  
  79  6:39  Drone  
  82  6:42  Drone  
  82  6:44  Drone x3  
  82  6:46  Drone, Extractor  
  86  6:47  Drone  
  86  6:48  Extractor  
  86  6:49  Hatchery  
  86  6:50  Baneling x4  
  86  6:53  Centrifical Hooks  
  85  6:58  Zergling x6  
  85  6:59  Zergling x4  
  81  7:02  Zergling x2  
  83  7:08  Zergling x2  
  83  7:12  Zergling x2  
  83  7:15  Zergling x8  
  87  7:17  Zergling x4  
  87  7:18  Zergling x6  
  87  7:21  Muscular Augments  
  90  7:24  Zergling x6  
  90  7:26  Zergling x2  
  92  7:32  Drone  
  92  7:36  Drone x2  
  88  7:41  Drone x2  
  88  7:43  Drone  
  88  7:44  Drone  
  90  7:46  Drone x2  
  90  7:47  Drone  
  90  7:48  Drone x2  
  90  7:50  Overlord, Drone  
  90  7:51  Drone  
  97  7:54  Extractor  
  97  7:56  Overlord  
  95  7:58  Overlord  
  95  7:59  Evolution Chamber  
  95  8:00  Overlord  
  94  8:09  Hydralisk x3  
  94  8:12  Hydralisk x3  
  102  8:13  Overseer  
  102  8:15  Hydralisk  
  102  8:19  Hydralisk  
  108  8:20  Hydralisk  
  108  8:26  Zerg Melee Weapons Level 1, Hydralisk  
  114  8:34  Drone x7  
  114  8:35  Drone  
  114  8:37  Drone  
  122  8:45  Drone x5  
  122  8:46  Zerg Missile Weapons Level 2  
  127  8:59  Infestation Pit, Grooved Spines  
  125  9:03  Overlord  
  125  9:07  Drone x4  
  125  9:08  Zergling x6  
  125  9:09  Zergling x8  
  134  9:10  Hatchery  
  134  9:12  Overlord  
  133  9:19  Overlord  
  133  9:24  Spire  
  133  9:25  Zergling x2, Extractor  
  133  9:26  Zergling x16  
  133  9:29  Zergling x2  
  133  9:30  Zergling x2  
  140  9:33  Drone x2  
  140  9:34  Drone x2  
  140  9:35  Overlord  
  141  9:40  Hive  
  141  9:44  Overlord  
  141  9:48  Overlord x2  
  141  9:49  Overlord x2  
  141  9:50  Drone x5  
  146  9:53  Overlord  
  146  10:00  Pneumatized Carapace  
  146  10:09  Hydralisk x3  
  146  10:10  Hydralisk x7  
  166  10:14  Overlord  
  166  10:16  Hydralisk  
  166  10:17  Hydralisk  
  166  10:21  Zerg Melee Weapons Level 2  
  170  10:28  Overlord  
  169  10:43  Extractor  
  169  10:47  Overseer  
  168  10:51  Corruptor  
  168  10:53  Greater Spire  
  168  10:54  Adrenal Glands  
  165  10:59  Overlord  
  165  11:01  Zergling x44  
  187  11:05  Overlord  
  187  11:17  Zergling x2  
  188  11:18  Zergling x2  
  188  11:19  Zergling x20  
  199  11:29  Zerg Ground Armor Level 1  
  198  11:35  Baneling  
  198  11:36  Baneling x22  
  191  11:41  Baneling  
  191  11:42  Baneling x12  
  191  11:44  Zergling x22  
  200  11:49  Overlord  
  200  11:53  Spire  
  199  11:59  Corruptor x5  
  199  12:02  Corruptor  
  158  12:16  Corruptor x2  
  158  12:17  Corruptor x2  
  158  12:18  Zergling x2  
  158  12:19  Zergling x24  
  158  12:22  Zergling x2  
  175  12:24  Queen  
  175  12:25  Zergling x2  
  175  12:28  Zergling x4  
  175  12:29  Zergling x6  
  183  12:35  Zerg Flyer Armor Level 1  
  182  12:40  Zerg Melee Weapons Level 3  
  180  12:44  Extractor  
  180  12:51  Zergling x10  
  184  12:53  Zergling x4  
  184  12:59  Overseer  
  184  13:00  Hatchery, Overseer  
  177  13:07  Zergling x2  
  177  13:08  Zergling x22  
  177  13:09  Baneling  
  177  13:10  Baneling x4  
  177  13:12  Hatchery  
  186  13:23  Zerg Missile Weapons Level 3  
  176  13:31  Brood Lord x6  
  173  13:37  Zergling x2  
  173  13:38  Zergling x18  
  166  13:46  Zergling x16  
  166  13:47  Zergling x2  
  171  13:48  Hydralisk  
  171  13:51  Hydralisk  
  171  13:53  Hydralisk  
  171  13:55  Hydralisk  
  175  13:59  Hydralisk x2  
  175  14:00  Hydralisk  
  176  14:03  Hydralisk  
  176  14:07  Hydralisk  
  176  14:08  Hydralisk  
  182  14:10  Corruptor  
  182  14:13  Corruptor  
  186  14:18  Corruptor  
  186  14:22  Corruptor  
  186  14:24  Baneling x7  
  190  14:25  Baneling x2  
  190  14:27  Overseer  
  190  14:28  Overseer  
  190  14:31  Overseer  
  190  14:32  Zergling x6  
  190  14:34  Zergling x4  
  195  14:48  Zergling x10  
  196  15:01  Zergling x2  
  196  15:02  Zergling x4  
  196  15:20  Zergling x2  
  196  15:21  Corruptor x11  
  171  15:29  Hydralisk x3  
  171  15:30  Hydralisk  
  171  15:35  Zergling x20  
  171  15:50  Hydralisk x7  
  179  16:02  Corruptor x3  
  166  16:15  Drone x2  
  166  16:17  Drone  
  179  16:18  Drone  
  179  16:19  Drone x2  
Tags
 
Add a new tag
Caveats
  • Supply blocks, unpowered buildings, or Contaminate may cause inaccurate times.
  • Supply counts are checked every 10 seconds.